[Event "Early Titled Tuesday Blitz | February 8 2022"]
[White "Osmak, Yuliia"]
[Black "Kalogridis, Antonios"]
[WhiteFideId "14101602"]
[BlackFideId "25833901"]
[WhiteElo "2302"]
[BlackElo "1495"]
[Result "0-1"]
[Round "07"]
[TimeControl "180+1"]
[Date "2022.02.08"]
[WhiteClock "0:00:43"]
[BlackClock "0:00:43"]

1. e4 c6 2. Nf3 d5 3. d3 Bg4 4. h3 Bxf3 5. Qxf3 Nd7 6. exd5 Ne5 7. Qe4 Qxd5 8. Nc3 Qxe4+ 9. dxe4 e6 10. f4 Nd7 11. Be3 Bc5 12. Kf2 Ngf6 13. Be2 O-O 14. Rad1 Bxe3+ 15. Kxe3 b5 16. g4 Nb6 17. g5 Nfd7 18. Rd6 b4 19. Nb1 Rac8 20. Rhd1 Nc5 21. Nd2 Nca4 22. Rb1 Rfd8 23. Rxd8+ Rxd8 24. Nc4 Nxc4+ 25. Bxc4 c5 26. Bb5 Nb6 27. c3 bxc3 28. bxc3 c4 29. Rb4 Rd3+ 30. Ke2 Rxc3 31. a4 Ra3 32. Bxc4 Rxa4 33. Rxa4 Nxa4 34. Bb5 Nc3+ 35. Kd3 Nxb5 36. Kc4 Nc7 37. Kc5 a5 0-1


[Site "https://www.chess.com"]

[Event "Early Titled Tuesday Blitz | February 8 2022"]
[White "Osmonbekov, Talaibek"]
[Black "Heinemann, Josefine"]
[WhiteFideId "2017253"]
[BlackFideId "12900460"]
[WhiteElo "2135"]
[BlackElo "2300"]
[Result "1-0"]
[Round "07"]
[TimeControl "180+1"]
[Date "2022.02.08"]
[WhiteClock "0:00:03"]
[BlackClock "0:00:01"]

1. d4 Nf6 2. Nc3 d5 3. Bf4 a6 4. e3 e6 5. Nf3 c5 6. dxc5 Bxc5 7. Bd3 Nc6 8. O-O O-O 9. e4 dxe4 10. Nxe4 Nxe4 11. Bxe4 Qf6 12. Qc1 e5 13. Be3 Qe7 14. c3 Bd6 15. Re1 Be6 16. Qd2 Rad8 17. Qc2 f5 18. Bxc6 bxc6 19. Bg5 Qc7 20. Bxd8 Rxd8 21. Nd4 Bc8 22. Nxf5 Bc5 23. Rad1 Rf8 24. Ne3 Qf7 25. Rd2 Bb6 26. b3 h5 27. Nc4 Bc7 28. Nxe5 Qf4 29. g3 Qf6 30. f4 h4 31. Qg6 hxg3 32. Qxf6 gxh2+ 33. Rxh2 Rxf6 34. Rf2 c5 35. Rd1 Rf8 36. Rd5 Bb6 37. c4 Bf5 38. Kg2 Be4+ 39. Kg3 Bxd5 40. cxd5 Rd8 41. Rd2 Ba5 42. Rd3 Bc7 43. Nc4 Bd6 44. Kg4 Kf7 45. Kf5 g6+ 46. Kg5 Be7+ 47. Kg4 Bd6 48. Ne5+ Kf6 49. Nc6 Rd7 50. a4 Bc7 51. Rd1 Bd6 52. Rd3 Bc7 53. a5 Bd6 54. Rc3 1-0


[Site "https://www.chess.com"]

[Event "Early Titled Tuesday Blitz | February 8 2022"]
[White "Ovetchkin, Roman"]
[Black "Bacrot, Etienne"]
[WhiteFideId "4119991"]
[BlackFideId "605506"]
[WhiteElo "2692"]
[BlackElo "2850"]
[Result "0-1"]
[Round "07"]
[TimeControl "180+1"]
[Date "2022.02.08"]
[WhiteClock "0:00:09"]
[BlackClock "0:00:08"]

1. d4 Nf6 2. c4 g6 3. Nc3 c5 4. d5 a6 5. a4 d6 6. g3 Bg7 7. Bg2 O-O 8. Nf3 e5 9. h3 Nbd7 10. e4 Ne8 11. O-O h6 12. a5 f5 13. Nh4 Qf6 14. Rb1 f4 15. Na4 Rf7 16. Bd2 Nf8 17. Qc2 Rb8 18. b4 cxb4 19. Rxb4 Rc7 20. Nb6 Rc5 21. Qb3 g5 22. Nxc8 gxh4 23. Na7 Ng6 24. Nc6 Rc8 25. Rxb7 Kh7 26. Bb4 R8xc6 27. dxc6 Rxc6 28. Qd3 fxg3 29. fxg3 Qg5 30. Rb6 Rc8 31. Bd2 Qe7 32. Qd5 hxg3 33. Rf7 Qh4 34. Rbb7 Qh5 35. Qd3 Qd1+ 36. Rf1 Qh5 37. Qxg3 Rxc4 38. Rff7 Qd1+ 39. Qe1 Qh5 40. Qf1 Rc2 41. Be3 Qh4 42. Bf2 Qg5 43. Kh1 Nf4 44. Rf5 Qg6 45. Bf3 Nf6 46. Qg1 Nxh3 47. Qxg6+ Kxg6 48. Bb6 Ng5 49. Bg2 Ngxe4 50. Bxe4 Nxe4 51. Rff7 Bf6 52. Rfd7 Bg5 53. Kg1 Kh5 54. Kf1 Kg4 55. Ra7 Kf3 56. Rf7+ Bf4 57. Rac7 Ra2 58. Rc1 Ng3+ 59. Ke1 Re2+ 60. Kd1 Rd2+ 61. Ke1 Rh2 62. Kd1 Rh1+ 0-1


[Site "https://www.chess.com"]

[Event "Early Titled Tuesday Blitz | February 8 2022"]
[White "Ozkan, Taha"]
[Black "Khoroshev, Nikita"]
[WhiteFideId "34577173"]
[BlackFideId "14200287"]
[WhiteElo "2024"]
[BlackElo "2354"]
[Result "0-1"]
[Round "07"]
[TimeControl "180+1"]
[Date "2022.02.08"]
[WhiteClock "0:01:08"]
[BlackClock "0:00:08"]

1. d4 Nf6 2. c4 e6 3. Nc3 d5 4. cxd5 exd5 5. Bg5 Bb4 6. Qc2 h6 7. Bxf6 Qxf6 8. a3 Bxc3+ 9. Qxc3 Nc6 10. e3 O-O 11. Nf3 Bg4 12. Be2 Bxf3 13. Bxf3 Rfe8 14. Bxd5 Nxd4 15. Bxb7 Rab8 16. Rd1 Rbd8 17. Kf1 Qb6 18. Rxd4 Qxb7 19. f3 Rxd4 20. Qxd4 c5 21. Qc3 Rb8 22. b4 cxb4 23. Qxb4 Qa6+ 24. Kf2 Rxb4 25. axb4 Qa2+ 26. Kg3 Qb3 27. Rc1 Qxb4 28. e4 Qd6+ 29. Kf2 Qd2+ 30. Kg3 Qxc1 31. Kf2 a5 32. e5 a4 33. f4 a3 34. g3 a2 35. e6 a1=Q 36. e7 Qab2+ 37. Kf3 Qd1+ 38. Ke4 Qbd4+ 39. Kf5 g6# 0-1


[Site "https://www.chess.com"]

[Event "Early Titled Tuesday Blitz | February 8 2022"]
[White "Pantzar, Milton"]
[Black "Kiolbasa, Oliwia"]
[WhiteFideId "1721003"]
[BlackFideId "1154613"]
[WhiteElo "2340"]
[BlackElo "2190"]
[Result "1/2-1/2"]
[Round "07"]
[TimeControl "180+1"]
[Date "2022.02.08"]
[WhiteClock "0:00:05"]
[BlackClock "0:00:07"]

1. Nf3 d5 2. b3 Nf6 3. g3 e6 4. Bb2 c5 5. Bg2 Nc6 6. O-O Be7 7. Ne5 O-O 8. Nxc6 bxc6 9. d3 Rb8 10. Nd2 a5 11. Be5 Bd6 12. Nf3 a4 13. Qd2 Bxe5 14. Nxe5 Qc7 15. f4 a3 16. h3 Ne8 17. e4 Nd6 18. Rae1 Ba6 19. c4 Rbd8 20. Qc3 Nb7 21. Qc1 f6 22. Nf3 Qa5 23. exd5 exd5 24. Nh4 Kf7 25. Nf5 Rfe8 26. cxd5 Bxd3 27. Rxe8 Rxe8 28. dxc6 Bxf1 29. Bxf1 c4 30. Bxc4+ Kf8 31. Ne3 Qc5 32. Kf2 Nd6 33. Qc3 Qxc6 34. Qb4 Re7 35. Nd5 Rb7 36. Qxa3 Ke8 37. Qa8+ Qc8 38. Qxc8+ Nxc8 39. f5 Nd6 40. Bd3 Kd7 41. g4 Kc6 42. Nf4 Kc5 43. Ke3 Kb4 44. Ne6 Kc3 45. a4 Rxb3 46. a5 Ra3 47. a6 Nc4+ 48. Ke4 Nd2+ 49. Ke3 Nc4+ 50. Ke4 Rxa6 51. Bxc4 Kxc4 52. Nxg7 Ra3 53. h4 Ra7 54. Nh5 Re7+ 55. Kf4 Rf7 56. Nxf6 Rxf6 57. g5 Rf8 58. Ke5 Kc5 59. Ke6 Re8+ 60. Kf7 Re4 61. h5 Rh4 62. h6 Rh5 63. Kf6 Kd6 64. g6 Rxh6 65. Kg7 Rxg6+ 66. fxg6 hxg6 67. Kxg6 1/2-1/2


[Site "https://www.chess.com"]

[Event "Early Titled Tuesday Blitz | February 8 2022"]
[White "Pasini, Nicolo"]
[Black "Dilmukhametov, Artur"]
[WhiteFideId "2809600"]
[BlackFideId "24179922"]
[WhiteElo "2065"]
[BlackElo "2266"]
[Result "0-1"]
[Round "07"]
[TimeControl "180+1"]
[Date "2022.02.08"]
[WhiteClock "0:01:53"]
[BlackClock "0:01:44"]

1. e4 c5 2. Nc3 Nc6 3. Bb5 g6 4. Bxc6 bxc6 5. d3 Bg7 6. f4 d6 7. Nf3 f6 8. O-O Nh6 9. Qe1 Nf7 10. Qg3 O-O 11. f5 g5 12. h4 h6 13. b3 Bd7 14. Bd2 Be8 15. Na4 Kh7 16. Rfe1 Rg8 17. c4 gxh4 18. Nxh4 Ne5 19. Rad1 Bh5 20. Rc1 Bh8 21. Qe3 Rg5 22. Kh2 Ng4+ 0-1


[Site "https://www.chess.com"]

[Event "Early Titled Tuesday Blitz | February 8 2022"]
[White "Perez Gormaz, Matias"]
[Black "Shtyka, Sergey"]
[WhiteFideId "3406342"]
[BlackFideId "4138465"]
[WhiteElo "2352"]
[BlackElo "2014"]
[Result "1/2-1/2"]
[Round "07"]
[TimeControl "180+1"]
[Date "2022.02.08"]
[WhiteClock "0:00:03"]
[BlackClock "0:00:13"]

1. e4 c5 2. Nf3 d6 3. d4 cxd4 4. Nxd4 Nf6 5. Nc3 g6 6. Be3 Bg7 7. f3 O-O 8. Qd2 Nc6 9. O-O-O d5 10. exd5 Nxd5 11. Nxc6 bxc6 12. Bd4 e5 13. Bc5 Be6 14. Ne4 Re8 15. h4 h6 16. h5 g5 17. g4 Qc7 18. Bc4 Rad8 19. Qf2 a5 20. Bb3 Nf4 21. Rxd8 Qxd8 22. Rd1 Qb8 23. Ba7 Qb4 24. Bc5 Qb8 25. Nd6 Rd8 26. Nf5 Rxd1+ 27. Kxd1 Bxf5 28. gxf5 Qc8 29. Qd2 Qxf5 30. Qd8+ Kh7 31. Qc7 Nd5 32. Qxc6 Qxf3+ 33. Ke1 Qh1+ 34. Kd2 Qg2+ 35. Ke1 Qh1+ 36. Kd2 Qh2+ 37. Ke1 Nf4 38. Qe4+ Kg8 39. Qa8+ Kh7 40. Qe4+ Kg8 41. Qa8+ Kh7 42. Qe4+ 1/2-1/2


[Site "https://www.chess.com"]

[Event "Early Titled Tuesday Blitz | February 8 2022"]
[White "Pesotskiy, Mikhail"]
[Black "Sargsyan, Anna M."]
[WhiteFideId "34164453"]
[BlackFideId "13308130"]
[WhiteElo "2010"]
[BlackElo "2271"]
[Result "1-0"]
[Round "07"]
[TimeControl "180+1"]
[Date "2022.02.08"]
[WhiteClock "0:01:22"]
[BlackClock "0:00:03"]

1. d4 d5 2. c4 c6 3. Nf3 Nf6 4. Nbd2 e6 5. e3 c5 6. Bd3 Nc6 7. O-O cxd4 8. Nxd4 Nxd4 9. exd4 dxc4 10. Nxc4 Qxd4 11. Be3 Qh4 12. Ne5 Bd6 13. f4 O-O 14. Rf3 Qh5 15. Qa4 Bxe5 16. fxe5 Qxe5 17. Rh3 Bd7 18. Qh4 h5 19. Bd4 Qd5 20. Bxf6 gxf6 21. Qxf6 Rfc8 22. Rf1 e5 23. Rxh5 Qd4+ 24. Kh1 1-0


[Site "https://www.chess.com"]

[Event "Early Titled Tuesday Blitz | February 8 2022"]
[White "Piesik, Piotr"]
[Black "Yeletsky, Ivan"]
[WhiteFideId "1136194"]
[BlackFideId "24180327"]
[WhiteElo "2232"]
[BlackElo "2348"]
[Result "0-1"]
[Round "07"]
[TimeControl "180+1"]
[Date "2022.02.08"]
[WhiteClock "0:00:40"]
[BlackClock "0:00:07"]

1. Nf3 d5 2. g3 Nc6 3. Bg2 e5 4. O-O Bg4 5. d3 Qd7 6. Nbd2 f6 7. c3 Nge7 8. b4 h5 9. b5 Nd8 10. c4 d4 11. Ne4 Ng6 12. e3 h4 13. exd4 h3 14. Bh1 exd4 15. Qe1 Ne6 16. Bb2 Be7 17. Rc1 O-O 18. a4 c5 19. bxc6 bxc6 20. Rb1 Rab8 21. Ba1 Rfe8 22. Qa5 c5 23. Rb5 Rxb5 24. Qxb5 Qxb5 25. axb5 f5 26. Ned2 Bd8 27. Bb2 Ba5 28. Ra1 Bb6 29. Nb3 Kf8 30. Kf1 f4 31. Bc1 Bf5 32. Ne1 Ne5 33. Bxf4 Nxf4 34. gxf4 Nxd3 35. Nd2 Nxe1 36. Rxe1 Bd3+ 0-1


[Site "https://www.chess.com"]

[Event "Early Titled Tuesday Blitz | February 8 2022"]
[White "Pires, Marcos Vinicius Torsani"]
[Black "Nazari, Arad"]
[WhiteFideId "2118939"]
[BlackFideId "12577324"]
[WhiteElo "2273"]
[BlackElo "2120"]
[Result "0-1"]
[Round "07"]
[TimeControl "180+1"]
[Date "2022.02.08"]
[WhiteClock "0:00:04"]
[BlackClock "0:00:05"]

1. d4 Nf6 2. Bf4 e6 3. e3 c5 4. c3 cxd4 5. cxd4 d6 6. Nc3 Be7 7. Nf3 O-O 8. h3 b6 9. Be2 Bb7 10. O-O a6 11. Rc1 Re8 12. Re1 Nbd7 13. Bh2 Nf8 14. Bd3 Ng6 15. Qe2 b5 16. Rc2 Rc8 17. Rec1 Qa5 18. a3 e5 19. dxe5 Bxf3 20. Qxf3 Nxe5 21. Bxe5 dxe5 22. Bf5 Rcd8 23. Ne4 Nxe4 24. Bxe4 g6 25. Bd5 Rf8 26. e4 Bg5 27. Rd1 Kg7 28. b4 Qb6 29. Rc6 Qa7 30. Rd3 Qe7 31. Rdc3 Rd6 32. Rxd6 Qxd6 33. Rc6 Qd7 34. Rxa6 Rc8 35. g3 Qxh3 36. Qxf7+ Kh6 37. Rc6 Qg4 38. Rxc8 Qxc8 39. Qf3 Kg7 40. Kg2 h5 41. Qf7+ Kh6 42. Be6 Qh8 43. Bd7 h4 44. Bxb5 hxg3 45. fxg3 Qa8 46. Qf3 Bc1 47. a4 Qd8 48. Be2 Qd2 49. Qg4 Qxb4 50. Qh4+ Kg7 51. Kh3 Be3 52. Qg4 Qe1 53. Qf3 Bd4 54. Bc4 Kh6 55. Qf8+ Kg5 56. Qe7+ Kh6 57. Qh4+ Kg7 58. Qe7+ Kh6 59. Qf8+ Kg5 60. Qf3 Be3 61. a5 Bd4 62. a6 Qa5 63. Qg4+ Kh6 64. Qh4+ Kg7 65. Qe7+ Kh6 66. Qf8+ Kg5 67. Qf3 Kh6 68. Bf7 Kg7 69. Be6 Qc7 70. Bd5 Qe7 71. a7 Qd7+ 72. Qg4 Qxa7 73. Qe6 Qb8 74. Qf7+ Kh6 75. Qf3 Qh8 76. Kg2 Qd8 77. Qg4 Kg7 78. Qe6 Qf8 79. Qg4 Kh6 80. Qf3 Qb4 81. Qe2 Kg7 82. Qf3 Qd2+ 83. Kh3 Qh6+ 84. Kg2 Qd2+ 85. Kh3 Kh6 86. Qg2 Qa5 87. Kh2 Qd8 88. Qh3+ Kg7 89. Qg4 Qf6 90. Qe2 Kh6 91. Kg2 Qd6 92. Qd2+ Kg7 93. Qe2 Qc5 94. Qf3 Qc2+ 95. Kh3 Qc7 96. Qg4 Qe7 97. Qe6 Qf8 98. Qd7+ Kh6 99. Qg4 Qf1+ 100. Kh4 Qh1+ 101. Qh3 Qf3 102. Qg4 Qf6+ 103. Kh3 Qf1+ 104. Kh4 Be3 105. Qh3 Qf3 106. Qg4 Qh1+ 107. Qh3 Qf3 108. Qg4 Qf6+ 109. Kh3 Kg7 110. Qh4 Qf1+ 111. Kg4 Qe2+ 112. Kh3 Qf1+ 113. Kg4 g5 114. Qh5 Qd1+ 115. Kf5 Qxh5 116. Ke6 Qf3 0-1


[Site "https://www.chess.com"]

[Event "Early Titled Tuesday Blitz | February 8 2022"]
[White "Popadic, Dragan"]
[Black "Petesch, Gabriel"]
[WhiteFideId "913650"]
[BlackFideId "2032465"]
[WhiteElo "2199"]
[BlackElo "2374"]
[Result "1-0"]
[Round "07"]
[TimeControl "180+1"]
[Date "2022.02.08"]
[WhiteClock "0:02:42"]
[BlackClock "0:02:16"]

1. e4 d5 2. exd5 Qxd5 3. Nc3 Qd6 4. Nf3 c6 5. h3 Nf6 6. Bc4 e6 7. d3 Be7 8. O-O O-O 9. Qe2 Nbd7 10. Re1 Nb6 11. Bb3 Bd7 12. Ne5 Rad8 13. Bf4 Qxe5 14. Bxe5 1-0


[Site "https://www.chess.com"]

[Event "Early Titled Tuesday Blitz | February 8 2022"]
[White "Prieto Aranguren, Alain"]
[Black "Loay, Sameer"]
[WhiteFideId "2268906"]
[BlackFideId "8104239"]
[WhiteElo "2235"]
[BlackElo "2040"]
[Result "1-0"]
[Round "07"]
[TimeControl "180+1"]
[Date "2022.02.08"]
[WhiteClock "0:00:13"]
[BlackClock "0:00:26"]

1. e4 d6 2. f4 g6 3. Nf3 Bg7 4. Bc4 Nf6 5. d3 c6 6. O-O O-O 7. Bb3 a5 8. a4 Na6 9. Qe1 Nc5 10. Ba2 Qc7 11. Qh4 b5 12. axb5 cxb5 13. e5 dxe5 14. fxe5 Ng4 15. Ng5 h6 16. Nxf7 Be6 17. Nxh6+ Bxh6 18. Bxh6 Rxf1+ 19. Kxf1 Bxa2 20. Qxg4 Bf7 21. d4 Ne6 22. Nc3 b4 23. Ne2 Qxc2 24. d5 Qxb2 25. Rc1 Nd4 26. Nxd4 a4 27. e6 Be8 28. Qf4 Kh7 29. Bf8 Bb5+ 30. Nxb5 Rxf8 31. Qxf8 Qxc1+ 32. Kf2 Qc5+ 33. Kg3 Qe3+ 34. Kh4 g5+ 35. Kh5 Qe2+ 36. Qf3 Qxf3+ 37. gxf3 a3 38. Nd4 Kg7 39. Kxg5 Kf8 40. Kf5 Kg7 41. Ke4 Kf6 42. h4 Kg6 43. Nb3 Kf6 44. f4 Kg6 45. f5+ Kf6 46. h5 Kg7 47. Ke5 a2 48. d6 Kf8 49. d7 Kg7 50. d8=Q a1=Q+ 51. Nxa1 b3 52. Qxe7+ Kh6 53. Qf6+ Kxh5 54. Qg6+ Kh4 55. Nxb3 Kh3 56. Kf4 Kh2 57. Kf3 1-0


[Site "https://www.chess.com"]

[Event "Early Titled Tuesday Blitz | February 8 2022"]
[White "Qashashvili, Alexandre"]
[Black "Rodchenkov, Sergey D."]
[WhiteFideId "13600842"]
[BlackFideId "4168712"]
[WhiteElo "2316"]
[BlackElo "2306"]
[Result "0-1"]
[Round "07"]
[TimeControl "180+1"]
[Date "2022.02.08"]
[WhiteClock "0:00:06"]
[BlackClock "0:00:49"]

1. e4 c5 2. Nc3 d6 3. g3 g6 4. Bg2 Bg7 5. d3 Nc6 6. Nf3 e6 7. Be3 Rb8 8. a4 Nf6 9. Qd2 Ng4 10. Bg5 f6 11. Bf4 e5 12. Be3 O-O 13. O-O Nxe3 14. Qxe3 Be6 15. Ne2 Nd4 16. Qd2 d5 17. exd5 Bxd5 18. Nexd4 cxd4 19. c4 dxc3 20. bxc3 Qd7 21. d4 e4 22. Ne1 Bc4 23. Bxe4 Bxf1 24. Kxf1 f5 25. Bg2 Kh8 26. Nd3 Rfe8 27. a5 Qb5 28. Kg1 Re7 29. Bf1 Qc6 30. Nc5 b6 31. axb6 axb6 32. Nd3 Rbe8 33. Rb1 Rc8 34. Rc1 h5 35. h4 Kh7 36. Qb2 Qd6 37. Rb1 Rec7 38. Qxb6 Qxb6 39. Rxb6 Rxc3 40. Nf4 Rxg3+ 41. fxg3 Bxd4+ 42. Kh2 Bxb6 43. Bb5 Kh6 44. Bd7 Rc2+ 45. Kh1 Bc7 46. Nh3 Bxg3 47. Ng5 Bxh4 48. Nf7+ Kg7 49. Ne5 Bf6 50. Nf3 h4 51. Be8 Rc8 52. Bd7 Rc3 53. Bxf5 Rxf3 54. Bxg6 Kxg6 55. Kg2 Rg3+ 56. Kh2 Kg5 57. Kh1 Kf4 58. Kh2 Kf3 59. Kh1 Kf2 60. Kh2 Be5 61. Kh1 Rg1# 0-1


[Site "https://www.chess.com"]

[Event "Early Titled Tuesday Blitz | February 8 2022"]
[White "Quintiliano Pinto, Renato R."]
[Black "Narayanan.S.L"]
[WhiteFideId "2117568"]
[BlackFideId "5058422"]
[WhiteElo "2439"]
[BlackElo "2494"]
[Result "1/2-1/2"]
[Round "07"]
[TimeControl "180+1"]
[Date "2022.02.08"]
[WhiteClock "0:00:15"]
[BlackClock "0:00:20"]

1. Nf3 c5 2. e4 d6 3. d4 cxd4 4. Qxd4 Nf6 5. Be2 g6 6. O-O Bg7 7. h3 O-O 8. Qe3 b6 9. Rd1 Bb7 10. Nc3 Nbd7 11. e5 dxe5 12. Nxe5 Qc7 13. Nxd7 Nxd7 14. Bf3 Bxf3 15. Qxf3 Bxc3 16. bxc3 Rac8 17. Ba3 Nc5 18. Bxc5 Qxc5 19. Rd3 Rfd8 20. Re1 Rxd3 21. cxd3 e6 22. c4 Rd8 23. Re3 Qd4 24. Qe2 h5 25. g3 h4 26. g4 a6 27. Kg2 b5 28. cxb5 axb5 29. Re5 Rd5 30. Rxd5 Qxd5+ 31. Kg1 b4 32. Qe4 Qc5 33. Kg2 g5 34. d4 Qa5 35. Qe5 Qa8+ 36. Kg1 Qd5 37. Qb8+ Kg7 38. Qxb4 Qxa2 39. Qc5 Qd2 40. Qe5+ Kg6 41. Qe4+ Kg7 42. Qe5+ Kh7 43. Qf6 Kg8 44. Qe5 Qc1+ 45. Kg2 Kf8 46. Qb8+ Ke7 47. Qb4+ Kd7 48. Qb5+ Qc6+ 49. Qxc6+ Kxc6 50. Kf3 Kd5 51. Ke3 f5 52. f3 Kc4 53. gxf5 exf5 54. f4 g4 55. hxg4 h3 56. Kf2 fxg4 57. f5 Kd5 58. Kg3 Kd6 59. Kh2 Kd5 60. Kg3 Kd6 61. Kh2 Ke7 62. d5 Kf7 63. d6 Kf6 64. Kg3 Kf7 65. Kh2 Kf6 66. Kg3 1/2-1/2


[Site "https://www.chess.com"]

[Event "Early Titled Tuesday Blitz | February 8 2022"]
[White "Quirke, Jeffrey"]
[Black "Winkels, Marcel"]
[WhiteFideId "2013029"]
[BlackFideId "1003887"]
[WhiteElo "2255"]
[BlackElo "1900"]
[Result "1-0"]
[Round "07"]
[TimeControl "180+1"]
[Date "2022.02.08"]
[WhiteClock "0:00:06"]
[BlackClock "0:00:04"]

1. d4 Nf6 2. c4 c6 3. Nc3 d5 4. e3 a6 5. Qc2 e6 6. Nf3 Bd6 7. b3 Nbd7 8. Be2 Qe7 9. O-O O-O 10. Bb2 dxc4 11. bxc4 e5 12. c5 Bc7 13. Na4 Re8 14. dxe5 Nxe5 15. Nxe5 Bxe5 16. Bxe5 Qxe5 17. h3 Qg5 18. Kh1 Qh4 19. Kh2 Be6 20. Rab1 Rab8 21. a3 Ng4+ 22. Bxg4 Bxg4 23. Rb4 f5 24. Kg1 Qg5 25. hxg4 fxg4 26. Qc4+ Kh8 27. Qxg4 Qe7 28. Rd4 Rbd8 29. Rfd1 Rxd4 30. Rxd4 h6 31. Rd7 Qf6 32. Qd4 Qg6 33. g3 Re4 34. Rxg7 Rxd4 35. Rxg6 Rxa4 36. Rxh6+ Kg7 37. Rd6 Rxa3 38. Rd7+ Kf6 39. Rxb7 Ke5 40. Rb6 Kd5 41. g4 a5 42. g5 Ra4 43. f3 Rh4 44. Kg2 Kxc5 45. Rb8 a4 46. Ra8 Kb5 47. Kg3 Rh7 48. f4 Kb4 49. Kg4 a3 50. f5 Rd7 51. g6 Kb3 52. f6 Kb2 53. g7 a2 54. g8=Q a1=Q 55. Rxa1 Kxa1 56. Qb3 Rd5 57. Qxd5 cxd5 58. f7 d4 59. f8=Q dxe3 60. Qe7 Kb2 61. Qxe3 Kc2 62. Kf4 Kb2 63. Ke4 Kc2 64. Kd4 Kb2 65. Kc4 Kc2 66. Qe2+ Kc1 67. Kb3 Kb1 68. Qb2# 1-0


[Site "https://www.chess.com"]

[Event "Early Titled Tuesday Blitz | February 8 2022"]
[White "Ratnakaran, K."]
[Black "Gaehwiler, Gabriel"]
[WhiteFideId "5005507"]
[BlackFideId "1314530"]
[WhiteElo "2391"]
[BlackElo "2383"]
[Result "1-0"]
[Round "07"]
[TimeControl "180+1"]
[Date "2022.02.08"]
[WhiteClock "0:00:44"]
[BlackClock "0:00:02"]

1. e4 e5 2. Nf3 Nf6 3. Nxe5 d6 4. Nf3 Nxe4 5. Nc3 Nf6 6. d4 d5 7. Bd3 Be7 8. O-O O-O 9. h3 c6 10. Re1 a5 11. Bg5 Na6 12. Qe2 Bd6 13. Ne5 Nc7 14. Qf3 Ne6 15. Be3 c5 16. Nb5 Bb8 17. c3 Nd7 18. Nxf7 Rxf7 19. Bxh7+ Kf8 20. Qxd5 Qh4 21. Qxe6 Qxh7 22. Bg5 Kg8 23. dxc5 Ra6 24. Nd6 Bxd6 25. cxd6 Rc6 26. Rad1 Nf8 27. Qd5 Bd7 28. f4 Qc2 29. Re7 Qf5 30. Re5 Qc2 31. Rd2 Qb1+ 32. Kh2 Qg6 33. Qxa5 Ne6 34. Qd5 Rc5 35. Qe4 Rxe5 36. Qxg6 Ref5 37. Re2 Nf8 38. Qh5 g6 39. Qf3 Bc6 40. Qd3 Nd7 41. Re7 Kh7 42. Qxf5 1-0


[Site "https://www.chess.com"]

[Event "Early Titled Tuesday Blitz | February 8 2022"]
[White "Redzisz, Michal"]
[Black "Gontcharov, Vladislav"]
[WhiteFideId "21816107"]
[BlackFideId "4123492"]
[WhiteElo "1961"]
[BlackElo "2503"]
[Result "1-0"]
[Round "07"]
[TimeControl "180+1"]
[Date "2022.02.08"]
[WhiteClock "0:00:03"]
[BlackClock "0:00:01"]

1. Nf3 Nf6 2. b3 g6 3. Bb2 Bg7 4. g3 O-O 5. Bg2 c5 6. O-O Nc6 7. d4 cxd4 8. Nxd4 Qb6 9. Na3 d6 10. Nc4 Qc7 11. Qd2 Nxd4 12. Bxd4 Be6 13. Ne3 Rac8 14. c4 a6 15. Rac1 Qb8 16. Nd5 Nxd5 17. cxd5 Bd7 18. Bxg7 Kxg7 19. Qd4+ f6 20. e4 Rxc1 21. Rxc1 Rc8 22. Rc3 Rc7 23. Bf1 Qc8 24. Rxc7 Qxc7 25. Qc4 Qb6 26. Kg2 Kf7 27. h4 a5 28. a4 f5 29. Bd3 fxe4 30. Bxe4 Qc5 31. Qd3 b5 32. h5 bxa4 33. hxg6+ hxg6 34. Bxg6+ Kg7 35. bxa4 Bxa4 36. Bh5 Kf6 37. Qf3+ Ke5 38. Qf4+ Kxd5 39. Bf3+ Ke6 40. Qxa4 d5 41. Qg4+ Kd6 42. Qg6+ e6 43. Bg4 Qc8 44. Qd3 Qa8 45. Qa3+ Kd7 46. Qa4+ Kd6 47. Qa3+ Kd7 48. Qe3 Qa6 49. Qd4 a4 50. Bd1 a3 51. Ba4+ Ke7 52. Qb4+ Qd6 53. Qxd6+ Kxd6 54. Bb3 Kc5 55. g4 Kb4 56. Ba2 Kc3 57. g5 Kb2 58. g6 Kxa2 59. g7 Kb2 60. g8=Q a2 61. Qxe6 a1=Q 62. Qxd5 Qe1 63. Qd4+ Kc2 64. Qe3 Qd1 65. Qe4+ Kb2 66. Kg3 Qh5 67. f3 Qg5+ 68. Qg4 Qe5+ 69. Kh4 Qh8+ 70. Kg5 Qg7+ 71. Kf5 Qf7+ 72. Ke4 Qc4+ 73. Ke5 Qc7+ 74. Ke4 Qc6+ 75. Kf4 Qd6+ 76. Ke3 Qh6+ 77. Qf4 Qh1 78. Qd4+ Kb3 79. f4 Qg1+ 80. Ke4 Qg2+ 81. Ke5 Qg7+ 82. Kd5 Qd7+ 83. Ke4 1-0


[Site "https://www.chess.com"]

[Event "Early Titled Tuesday Blitz | February 8 2022"]
[White "Ronka, Erik"]
[Black "Shevtchenko, Olesya"]
[WhiteFideId "505080"]
[BlackFideId "24131890"]
[WhiteElo "2264"]
[BlackElo "2003"]
[Result "0-1"]
[Round "07"]
[TimeControl "180+1"]
[Date "2022.02.08"]
[WhiteClock "0:00:31"]
[BlackClock "0:00:28"]

1. d4 d5 2. Nf3 Nf6 3. g3 e6 4. Bg2 Be7 5. O-O O-O 6. c4 dxc4 7. Qc2 b5 8. a4 b4 9. Nfd2 Nd5 10. Nxc4 c5 11. dxc5 Ba6 12. Rd1 Nd7 13. c6 Rc8 14. Bxd5 exd5 15. Rxd5 Rxc6 16. Nbd2 Qc7 17. b3 Nb6 18. Qd3 Nxd5 19. Qxd5 Rd8 20. Qe4 Bf6 21. Rb1 Bxc4 22. Nxc4 Re6 23. Bf4 Rxe4 24. Bxc7 Rd7 25. Ba5 Bc3 26. e3 g6 27. Kg2 h5 28. f3 Re6 29. e4 g5 30. Ne3 Rd2+ 31. Kh3 g4+ 32. fxg4 Rxe4 33. Nf5 hxg4+ 34. Kh4 Bf6+ 35. Kh5 Rxh2+ 36. Nh4 Bxh4 37. gxh4 g3 38. Bc7 Rhxh4+ 39. Kg5 Rhg4+ 40. Kf5 g2 41. Rg1 Kf8 42. Be5 Ke7 43. Bf6+ Kd7 44. Be5 Kc6 45. Bh2 Kd5 46. Rd1+ Rd4 47. Re1 Rdf4+ 48. Bxf4 g1=Q 49. Rxg1 Rxg1 50. Bd6 Rb1 51. Bxb4 Rxb3 52. Be1 Ra3 53. a5 a6 54. Kf6 Rf3+ 55. Ke7 Rf1 56. Bc3 Kc4 57. Be5 Kb5 58. Bc7 f5 0-1


[Site "https://www.chess.com"]

[Event "Early Titled Tuesday Blitz | February 8 2022"]
[White "Rostovtsev, Dmitry"]
[Black "Carre, Sylvain"]
[WhiteFideId "34278320"]
[BlackFideId "642118"]
[WhiteElo "2218"]
[BlackElo "2105"]
[Result "1-0"]
[Round "07"]
[TimeControl "180+1"]
[Date "2022.02.08"]
[WhiteClock "0:01:32"]
[BlackClock "0:00:04"]

1. e4 e5 2. Nf3 Nf6 3. d4 Nxe4 4. Bd3 d5 5. dxe5 Nc5 6. Be2 Be7 7. O-O Bg4 8. h3 Bxf3 9. Bxf3 c6 10. Qe2 O-O 11. Rd1 Ne6 12. c4 d4 13. Nc3 Na6 14. Ne4 Nac5 15. Ng3 a5 16. Nf5 Re8 17. Be3 dxe3 18. Rxd8 exf2+ 19. Qxf2 Bxd8 20. Qg3 g6 21. Rd1 Bg5 22. Nd6 Red8 23. Bg4 Be7 24. Qf2 Bxd6 25. exd6 Rd7 26. Qf6 Rad8 27. Bf3 Rxd6 28. Rxd6 Rxd6 29. h4 h5 30. g4 hxg4 31. Bxg4 Rd4 32. Be2 Rf4 33. Qc3 Rxh4 34. Qg3 Rf4 35. b3 Kg7 36. Qc3+ Rd4 37. a3 Kh6 38. b4 axb4 39. axb4 Ne4 40. Qh3+ Kg7 41. Qe3 f5 42. Qa3 Rd2 43. Bf3 N6g5 44. Bg2 Kh6 45. Qe3 Rd1+ 46. Kh2 Rd2 47. Kg1 Rd1+ 48. Kh2 Rd2 49. Qf4 Rf2 50. Qh4+ Kg7 51. Kg1 Rd2 52. Qf4 Kf6 53. Qb8 Rd1+ 54. Kh2 Rd7 55. c5 Nf7 56. Bxe4 fxe4 57. Qf4+ Kg7 58. Qxe4 Rd2+ 59. Kg1 Rd7 60. Qe8 Rd5 61. Qe7 Rg5+ 62. Kh2 Rf5 63. Qxb7 Kh6 64. Qxc6 Ne5 65. Qe8 Kg5 66. c6 Ng4+ 67. Kg2 Rf2+ 68. Kg3 Rc2 69. Qe7+ Nf6 70. Qe5+ Kh6 71. Qxf6 Rc3+ 1-0


[Site "https://www.chess.com"]

[Event "Early Titled Tuesday Blitz | February 8 2022"]
[White "Rudzinska, Michalina"]
[Black "Dovbnia, Nikita"]
[WhiteFideId "1172883"]
[BlackFideId "54104599"]
[WhiteElo "1904"]
[BlackElo "2111"]
[Result "1-0"]
[Round "07"]
[TimeControl "180+1"]
[Date "2022.02.08"]
[WhiteClock "0:00:13"]
[BlackClock "0:00:16"]

1. f3 e5 2. Nc3 d5 3. e3 Nf6 4. Nge2 Bd6 5. d4 e4 6. fxe4 Nxe4 7. Nxe4 dxe4 8. c4 Qh4+ 9. g3 Qf6 10. Bg2 O-O 11. c5 Be7 12. Nf4 Bf5 13. O-O c6 14. d5 Bxc5 15. g4 Bg6 16. Ne6 Qe7 17. Nxf8 Qxf8 18. Qc2 cxd5 19. Rd1 Qd6 20. b4 Bxb4 21. Qc8+ Qf8 22. Qxf8+ Bxf8 23. Rxd5 Nc6 24. Bb2 Nb4 25. Rd7 Nd3 26. Bd4 b6 27. h4 f5 28. gxf5 Bxf5 29. Rc7 g6 30. Rd1 h5 31. Rxd3 Bd6 32. Rg7+ Kf8 33. Rc3 Bc5 34. Rh7 Kg8 35. Rh8+ 1-0


[Site "https://www.chess.com"]